omghax, neutral male scurrid Tourist -------- |...@..| |..?...| +..^...| ---.---- omghax the Rambler Experience level: 1 Strength: 12 Dexterity: 10 Constitution: 13 Intelligence: 13 Wisdom: 10 Charisma: 19 Health: 2(9) Energy: 2(2) Def: 0 Gold: 929 Moves: 67 Dungeon seed: svIciAezxkfGj7lf Game ID: omghax_1498614257 Your Inventory: Coins $ - 929 gold pieces Weapons a - 41 uncursed +2 darts (in quiver) Armor e - an uncursed +0 Hawaiian shirt (being worn) Comestibles b - an uncursed apple c - 4 uncursed tripe rations d - 5 uncursed food rations f - an uncursed pear g - 2 uncursed tins of spinach Scrolls i - 4 uncursed scrolls of magic mapping Potions h - 2 uncursed potions of extra healing Wands l - an uncursed wand of secret door detection (0:11) Tools j - an uncursed expensive camera (0:71) k - an uncursed credit card m - an uncursed towel Spells and supernatural/magical abilities: Name Level Category Fail Memory W - pray for help -- divine ? -- Your skills at the end: Miscellaneous Skills wands [Basic] Weapon Skills dart [Basic] Spellcasting Skills Final Attributes: You were devoutly aligned. You had infravision. You were very stealthy. You survived. Vanquished creatures: a kobold Voluntary challenges: You went without food. You did not adorn yourself with jewelry or accessories. You did not cause conflict. You were not invisible. You did not have reflection. You were not displaced. You were an atheist. You never hit with a wielded weapon. You were a pacifist. You did not use tools. You did not use plumbed fixtures. You did not drink any magical draughts. You were illiterate. You never genocided any monsters. You never polymorphed an object. You never changed form. You used no wishes. You never split a pudding. You never wrote Elbereth's name. You never violated your personal moral code. Dungeon overview: The Dungeons of Doom: levels 1 to 16 Level 1 a long staircase Level 2 an armor shop Level 3 Level 4 Level 5 Level 6 Level 7 Level 8 Level 9 Level 10 Level 11 Level 12 Level 13 a fountain Level 14 an altar to The Lady Level 15 Level 16 <- You were here History has recorded: On T:1 you entered the Dungeons of Doom to retrieve the Amulet of Yendor! On T:26 you reached level 2 of The Dungeons of Doom. On T:31 you reached level 4 of The Dungeons of Doom. On T:33 you reached level 5 of The Dungeons of Doom. On T:35 you reached level 6 of The Dungeons of Doom. On T:37 you reached level 7 of The Dungeons of Doom. On T:40 you reached level 8 of The Dungeons of Doom. On T:42 you reached level 9 of The Dungeons of Doom. On T:44 you reached level 10 of The Dungeons of Doom. On T:48 you reached level 11 of The Dungeons of Doom. On T:50 you reached level 12 of The Dungeons of Doom. On T:52 you reached level 13 of The Dungeons of Doom. On T:55 you reached level 14 of The Dungeons of Doom. On T:57 you reached level 15 of The Dungeons of Doom. On T:58 you reached level 16 of The Dungeons of Doom. Score breakdown: Gold: 0 ( 0 points) Experience: 1 level ( 0 points) Exploration: 16 levels ( 450 points) Discoveries: 0 items ( 0 points) Variety of kills: 1 monster ( 50 points) Major goal: (nothing yet) ( 0 points) Survival: quit (score multiplied by 3) Total score: 1500 Latest messages: The stairs are too hard to dig in. You start digging downward. The stairs are too hard to dig in. You start digging downward. The stairs are too hard to dig in. You start digging downward. The stairs are too hard to dig in. You start digging downward. The stairs are too hard to dig in. You start digging downward. The stairs are too hard to dig in. You start digging downward. The stairs are too hard to dig in. You start digging downward. The stairs are too hard to dig in. You start digging downward. The stairs are too hard to dig in. You start digging downward. The stairs are too hard to dig in. You start digging downward. The stairs are too hard to dig in. That command is only available in debug mode. Final status: Aloha omghax the Tourist, quit... You quit in The Dungeons of Doom on dungeon level 16 with 1500 points, and 929 pieces of gold, after 67 moves. You were level 1 with a maximum of 9 hit points when you quit.